cohdb
Replays
Latest Replays
All Replays
Popular Replays
Top Player Replays
Match Explorer
How It Works
Community
CoH3 Stats
Reddit
Sign in to upload your games and track your stats! →
Sign in with Steam
Match 30568560
Unlisted
Match 30568560
Overview
Messages
Build Orders
End
Kradschützen Motorcycle Team
Panzergrenadier Squad
Construct Light Support Kompanie
Assault Grenadier Squad
Panzerjäger Squad
2.5-tonne Medical Truck
Fire Support Elements
le.IG 18 Mechanized Group
Combat Half-tracks
Flakvierling Half-track
Vehicle Survival Package
Pak 38 Mechanized Group
Selects Armored Support Battlegroup
Selects Superior Fire Drills
Selects Flammpanzer III Medium Tank Sd.Kfz. 141
Flammpanzer III Medium Tank
2.5-tonne Medical Truck
Selects Command Panzer IV F Medium Tank
Command Panzer IV F Medium Tank
Flammpanzer III Medium Tank
Selects Salvage Kits
Advanced Field Repairs
Selects Panzer Storm
HulkSMASH
๖ۣۜF1re
0
0
Comments
sign in to comment!
No comments posted yet!